Map: Kairos Junction LE

Players

TiPtOP - Winner!

  • Race: Terran Terran
  • League: Silver
  • Spawn Location: 11:00

Ryu

  • Race: Zerg Zerg
  • League: Silver
  • Spawn Location: 5:00

VOD

Have the link to the VOD?

Description

Time

  • Played on: Aug. 17, 2019, 11:47 p.m.
  • Length: 17:11
Show
View Real Time Build Order
Export as new Build Order

TiPtOP Terran - Winner!

Build Orders: Mech 

Get SALT Encoding   

  12  0:00  SCV  
  13  0:13  SCV  
  14  0:19  Supply Depot  
  14  0:25  SCV  
  15  0:41  SCV  
  16  0:44  Barracks  
  16  0:49  Refinery  
  16  0:53  SCV  
  17  1:05  SCV  
  18  1:17  SCV  
  19  1:30  Command Center  
  19  1:39  Orbital Command  
  19  1:44  Marine  
  20  2:01  Factory  
  20  2:03  Barracks Tech Lab  
  20  2:10  SCV  
  21  2:22  SCV  
  22  2:24  Refinery  
  22  2:34  SCV  
  23  2:46  SCV  
  23  2:47  Supply Depot  
  24  3:03  SCV  
  25  3:07  SCV  
  26  3:15  SCV  
  27  3:20  Siege Tank  
  30  3:29  Supply Depot  
  30  3:33  Orbital Command  
  30  3:38  SCV  
  30  3:40  Command Center  
  31  3:49  Factory  
  31  3:50  SCV  
  31  3:54  Armory  
  32  4:09  Supply Depot  
  32  4:10  Siege Tank  
  32  4:12  SCV  
  31  4:51  Siege Tank  
  34  4:56  Orbital Command  
  34  5:05  Factory Reactor  
  34  5:07  Supply Depot  
  34  5:13  Orbital Command x2  
  34  5:23  Engineering Bay, Siege Tank  
  37  5:43  SCV x2  
  39  5:55  Hellion x2, SCV x2  
  45  6:00  Thor  
  51  6:07  SCV x2  
  51  6:08  Orbital Command  
  53  6:16  Missile Turret  
  53  6:19  SCV x2  
  53  6:22  Refinery  
  55  6:28  Hellion x2  
  55  6:31  SCV x2  
  61  6:33  Terran Vehicle Weapons Level 1  
  61  6:38  Supply Depot  
  61  6:43  Factory, SCV  
  61  6:46  Factory  
  62  6:48  SCV x2  
  64  6:55  SCV  
  64  7:01  Supply Depot  
  65  7:12  Hellion x2, Thor  
  75  7:23  SCV x3  
  75  7:25  Refinery  
  78  7:35  SCV x3  
  81  7:38  Factory Tech Lab x2  
  81  7:44  Missile Turret  
  81  7:47  SCV  
  82  7:59  SCV  
  82  8:05  Hellion x2, Thor x2  
  93  8:09  Missile Turret  
  93  8:11  SCV  
  100  8:15  Supply Depot  
  100  8:16  Supply Depot  
  100  8:23  SCV  
  101  8:32  Missile Turret  
  101  8:37  Hellion x2  
  105  8:41  Supply Depot  
  105  8:46  Supply Depot  
  105  8:53  SCV  
  104  9:05  SCV  
  104  9:08  Hellion x2, Thor x2  
  104  9:09  Hellion  
  123  9:10  Supply Depot  
  121  9:17  SCV  
  122  9:26  Refinery  
  122  9:28  SCV x2  
  122  9:29  Thor, Refinery, SCV  
  131  9:33  Supply Depot  
  131  9:40  SCV x2, Command Center  
  131  9:41  SCV  
  131  9:42  Terran Vehicle And Ship Armor Level 1  
  131  9:44  Armory  
  134  9:52  Hellion x2  
  138  9:53  SCV  
  138  9:55  Factory  
  138  9:56  Supply Depot  
  139  10:06  SCV  
  140  10:14  SCV x2  
  140  10:18  Hellion x2, SCV  
  147  10:26  SCV  
  148  10:35  Hellion x3  
  154  10:45  Supply Depot  
  154  10:49  Supply Depot  
  154  10:53  Factory Reactor  
  154  10:54  Supply Depot  
  154  10:56  Thor x3  
  172  11:17  SCV x3  
  175  11:19  Hellion x2  
  179  11:29  SCV x3  
  179  11:32  Refinery  
  182  11:39  Hellion x2, Thor  
  192  11:48  SCV x3  
  192  11:53  Orbital Command  
  195  12:02  Supply Depot  
  195  12:09  Factory  
  195  12:16  Command Center  
  195  12:21  Terran Vehicle Weapons Level 2  
  195  12:23  Terran Vehicle And Ship Armor Level 2  
  195  12:24  Hellion x2, Infernal Pre-Igniter, Supply Depot  
  195  12:27  Smart Servos  
  199  12:30  Neosteel Armor  
  199  12:48  Supply Depot  
  199  12:55  Refinery  
  199  13:01  Orbital Command  
  199  13:08  Hellion  
  199  13:10  Supply Depot  
  162  13:34  Hellion  
  162  13:39  Hellion  
  152  13:41  Hellion x3  
  152  13:42  Hellion x2  
  152  13:50  Hellion  
  152  13:51  Hellion  
  160  14:02  Hellion, Thor  
  160  14:03  Hellbat  
  160  14:04  Planetary Fortress  
  166  14:11  Thor  
  166  14:12  Thor  
  176  14:27  Command Center  
  176  14:30  Missile Turret  
  176  14:31  Refinery  
  176  14:34  Factory  
  176  14:35  Factory  
  176  14:36  Factory  
  176  14:49  Hellion x4, Thor  
  176  14:51  Refinery  
  190  14:54  Thor  
  190  14:56  Command Center  
  192  15:29  Factory Reactor, Factory Tech Lab x2  
  192  15:30  Factory Reactor  
  178  15:38  Hellion x4, Thor x3  
  188  15:48  Planetary Fortress  
  186  16:08  Thor x2  
  186  16:10  Hellion x2  
Show
View Real Time Build Order
Export as new Build Order

Ryu Zerg 

Build Orders: Hatch First 

Get SALT Encoding   

  12  0:35  Drone x2  
  12  0:37  Overlord  
  14  0:52  Hatchery  
  13  1:01  Drone  
  13  1:04  Drone  
  15  1:08  Extractor  
  15  1:10  Drone  
  15  1:19  Spawning Pool  
  15  1:22  Drone  
  15  1:33  Drone  
  16  1:44  Drone  
  17  1:53  Drone  
  18  2:03  Drone  
  19  2:10  Queen  
  19  2:14  Drone  
  22  2:31  Drone x2  
  22  2:34  Zergling x2  
  22  2:35  Zergling x2  
  22  2:36  Baneling Nest  
  26  2:37  Zergling x2  
  26  2:43  Drone  
  27  2:47  Metabolic Boost  
  27  3:11  Overlord  
  27  3:12  Zergling x2  
  28  3:16  Overlord  
  28  3:29  Queen  
  30  3:34  Zergling x6  
  30  3:35  Hatchery  
  30  3:36  Zergling x8  
  36  3:49  Overlord  
  36  4:06  Overlord  
  36  4:08  Drone  
  37  4:12  Drone  
  35  4:22  Zergling x2  
  35  4:23  Zergling x6  
  31  4:39  Zergling x2  
  31  4:45  Drone x4  
  36  4:49  Zergling x4  
  38  5:01  Zergling x4  
  40  5:10  Roach Warren  
  40  5:12  Evolution Chamber  
  38  5:16  Drone x2  
  38  5:17  Drone x2  
  38  5:18  Overlord x2, Evolution Chamber  
  42  5:35  Drone x2  
  42  5:36  Drone, Queen  
  46  5:43  Hatchery  
  45  5:52  Zerg Melee Weapons Level 1  
  45  5:53  Zerg Ground Armor Level 1  
  45  5:57  Roach x3  
  45  6:01  Roach x2  
  45  6:03  Overlord  
  55  6:23  Roach  
  55  6:24  Roach  
  59  6:29  Drone x3  
  62  6:38  Drone  
  63  6:41  Drone x3, Extractor  
  63  6:44  Roach x2  
  69  6:51  Lair  
  69  7:01  Drone, Queen  
  70  7:03  Drone x3  
  70  7:06  Overlord x3  
  75  7:16  Roach  
  75  7:17  Roach x4  
  85  7:27  Baneling x3  
  85  7:35  Drone x2  
  87  7:37  Drone x3  
  87  7:38  Drone x2  
  87  7:42  Drone, Extractor  
  87  7:43  Drone x2, Extractor  
  93  7:44  Drone  
  93  7:46  Drone  
  95  7:58  Drone x3  
  98  8:01  Roach  
  98  8:02  Roach x5  
  110  8:07  Roach  
  112  8:14  Zerg Missile Weapons Level 1  
  112  8:31  Overlord x3  
  112  8:32  Overlord  
  112  8:39  Glial Reconstitution  
  92  9:14  Roach x4  
  92  9:15  Roach x12  
  124  9:22  Zerg Ground Armor Level 2  
  124  9:26  Drone  
  125  9:38  Drone x2  
  127  9:39  Extractor  
  127  9:41  Extractor  
  125  9:53  Spine Crawler  
  125  9:54  Spire  
  123  10:01  Spore Crawler x2  
  123  10:04  Roach  
  123  10:05  Roach x5  
  133  10:16  Centrifical Hooks  
  133  10:31  Drone x3  
  133  10:33  Hatchery  
  133  10:35  Overlord x2, Drone  
  135  10:36  Drone x3  
  139  10:48  Overlord x2  
  139  11:04  Zerg Missile Weapons Level 2  
  139  11:06  Mutalisk  
  139  11:07  Mutalisk x5  
  151  11:14  Extractor  
  151  11:15  Spore Crawler  
  151  11:16  Extractor  
  148  11:19  Drone  
  148  11:20  Drone x2  
  151  11:42  Spore Crawler  
  150  11:52  Roach, Mutalisk  
  150  11:53  Mutalisk x5  
  164  11:55  Nydus Network  
  164  12:00  Overlord x2  
  163  12:06  Zerg Flyer Weapons Level 1  
  163  12:16  Mutalisk x3  
  169  12:31  Zergling x12  
  169  12:32  Zergling x22  
  186  12:52  Nydus Canal  
  130  13:37  Roach x11  
  130  13:38  Roach x4  
  110  13:44  Roach  
  94  14:16  Hydralisk Den, Zerg Flyer Weapons Level 2  
  93  14:22  Roach x2  
  93  14:23  Roach x8  
  113  14:24  Roach  
  113  14:25  Roach x4  
  123  14:44  Infestation Pit  
  122  14:56  Hydralisk x12  
  122  14:57  Hydralisk x3  
  152  15:01  Zergling x6  
  152  15:03  Zergling x6  
  158  15:16  Hydralisk x8  
  158  15:17  Zergling x2  
  158  15:18  Zergling x4  
  86  15:45  Roach x5  
  86  15:46  Roach x9  
  93  15:58  Swarm Host x3, Roach  
  93  15:59  Swarm Host x2  
  81  16:21  Roach  
  81  16:22  Roach x7  
  85  16:33  Overlord x4, Mutalisk  
Tags
 
Add a new tag
Caveats
  • Supply blocks, unpowered buildings, or Contaminate may cause inaccurate times.
  • Supply counts are checked every 10 seconds.